 Dungeon Crawl Stone Soup version 0.31-a0-590-g8a5a4361df (webtiles) character file.

Game seed: 3769983369831526609

3205 dialectric the Grappler (level 9, -5/87 HPs)
             Began as a Troll Shapeshifter on Aug 20, 2023.
             Slain by a yak (11 damage)
             ... on level 6 of the Dungeon.
             The game lasted 00:07:51 (5265 turns).

dialectric the Grappler (Troll Shapeshifter)        Turns: 5265, Time: 00:07:51

Health: -5/87      AC:  4    Str: 27    XL:     9   Next: 65%
Magic:  8/8        EV: 11    Int:  4    God:
Gold:   299        SH:  5    Dex: 12    Spells: 8/8 levels left

rFire   . .          .
                       - Unarmed
rCold   . . .        (no shield)
rNeg    . . .        a - +0 animal skin
rPois   .            (helmet currently unavailable)
rElec   .            (cloak currently unavailable)
rCorr   .            (gloves unavailable)
SInv    .            (boots unavailable)
Will    .....        u - amulet of reflection
Stlth   +            (no ring)
HPRegen 1.14/turn    (no ring)
MPRegen 0.11/turn

%: reflection
@: lethally poisoned (-5 -> -5), beast-form
A: beast (slay +3), large, unfitting armour, claws 3, regeneration 1, shaggy fur
1, tough skin 1
a: Begin Untransformation


You were on level 6 of the Dungeon.
You were a hulking beast.
You visited 1 branch of the dungeon, and saw 7 of its levels.
You also visited: Ossuary.

You collected 299 gold pieces.

Inventory:

Hand Weapons
 A - a +3 dire flail
 B - the +10 flail of the Chickpea {freeze, *Noise rElec rN+}
   (You found it on level 5 of the Dungeon)

   rElec:     It insulates you from electricity.
   rN+:       It protects you from negative energy.
   *Noise:    It may make a loud noise when swung.
Missiles
 r - 26 poisoned darts
Armour
 a - a +0 animal skin (worn)
 h - a +0 cloak
 i - a +2 tower shield
 z - a scarf of shadows
Jewellery
 e - an amulet of faith
 u - an amulet of reflection (around neck)
 G - a ring of protection from fire
Talismans
 c - a beast talisman (active)
 d - a flux talisman
 l - a flux talisman
Wands
 o - a wand of paralysis (40)
 w - a wand of flame (19)
Scrolls
 k - 2 scrolls of fear {unknown}
 m - 3 scrolls of amnesia {unknown}
 n - a scroll of silence {unknown}
 p - 2 scrolls of fog {unknown}
 s - 2 scrolls of enchant weapon {unknown}
 t - 4 scrolls of teleportation {unknown}
 v - a scroll of blinking {unknown}
 x - 4 scrolls of identify {unknown}
 y - a scroll of enchant armour {unknown}
 C - a scroll of poison {unknown}
 F - 2 scrolls of vulnerability {unknown}
Potions
 b - a potion of brilliance {unknown}
 f - 3 potions of mutation {unknown}
 g - 2 potions of might {unknown}
 j - 3 potions of curing
 D - a potion of magic {unknown}
 E - a potion of cancellation


   Skills:
 * Level 4.9 Fighting
 * Level 4.7 Dodging
 - Level 0.4 Stealth
 - Level 2.0 Shields
 + Level 10.0 Unarmed Combat
 - Level 5.0 Shapeshifting


You had 8 spell levels left.
You didn't know any spells.
Your spell library contained the following spells:

 Spells                   Type           Power      Damage    Failure   Level
 Foxfire                  Conj/Fire      0%         2x1d4     50%         1
 Blink                    Tloc           0%         N/A       65%         2
 Lesser Beckoning         Tloc           0%         N/A       65%         2
 Momentum Strike          Conj/Tloc      0%         3d8       65%         2
 Gell's Gravitas          Tloc           0%         N/A       86%         3
 Ignite Poison            Fire/Tmut/Pois 0%         N/A       86%         3
 Teleport Other           Tloc           0%         N/A       86%         3
 Sticky Flame             Conj/Fire      0%         2d3       99%         4
 Dispersal                Tloc           0%         N/A       100%        6
 Plasma Beam              Fire/Air       0%         2x1d10    100%        6
 Starburst                Conj/Fire      0%         6d3       100%        6
 Ignition                 Fire           0%         3d3       100%        8


Dungeon Overview and Level Annotations

Branches:
Dungeon (7/15)            Ossuary (visited)
 Temple: D:4-7

Altars:
Dithmenos
Kikubaaqudgha
The Shining One

Shops:
D:3 *(=[


Innate Abilities, Weirdness & Mutations

You are a hulking beast.
Your limbs bulge with bestial killing power. (Slay +3)
You are too large for most types of armour.
You have claws for hands.
Your natural rate of healing is unusually fast.
You are covered in fur. (AC +1)
You have tough skin. (AC +1)


Message History

You feel sick. The killer bee stings you.
You are more poisoned.
The killer bee poisons you! You block the killer bee's attack. x2
Unknown command.
You feel very sick. You block the killer bee's attack.
The killer bee barely misses you. x3
The killer bee attacks as you move away!
The killer bee barely misses you.
You feel very sick. The killer bee stings you.
* * * LOW HITPOINT WARNING * * *
The killer bee barely misses you.
The killer bee stings you but does no damage.
There is an open door here.
You feel much better.
You feel very sick. The killer bee barely misses you.
The killer bee stings you. x2
The killer bee stings you!
* * * LOW HITPOINT WARNING * * *
You are more poisoned.
The killer bee poisons you!
You feel very sick. You block the killer bee's attack.
The killer bee attacks as you move away!
The killer bee stings you.
* * * LOW HITPOINT WARNING * * *
You feel very sick. You block the killer bee's attack.
The killer bee attacks as you move away!
The killer bee stings you but does no damage.
You feel sick. The killer bee stings you.
* * * LOW HITPOINT WARNING * * *
There is a stone staircase leading up here.
You feel very sick. The killer bee stings you.
* * * LOW HITPOINT WARNING * * *
You block the killer bee's attack.
You climb upwards.
You feel sick. The yak closely misses you. The yak gores you!
You die...

,,,,,,,,,,,,.,,,#........,,,,,*
,,,,,,,,,.......#......*,,*,,**
,,,,,,,,,.......*#...#***####*
,,,,,,,,,.......##..#*####..#
,,,,,,,,*#........Y.###.....#
...,,*,**,.......#.Y<##.....##
...**#,,,,,*#....#..)........##
..#*.##....##...Y#Y...........#
..##..#..#.....yhY...........##
...........##.>.y........##..#
..........#*#..(...#.........#
..#.##....###...............#####
))..##....#............##..## #..
...).#.................###.####..
.))....................###.##....
.<................##.........##..
..[...................#.#....#...


You could see 3 yaks and 2 killer bees.

Vanquished Creatures
  Pikel (D:5)
  Prince Ribbit (D:4)
  2 yaks
  A steam dragon (D:6)
  An ice beast (D:5)
  Duvessa (D:5)
  A centaur (D:5)
  A lemure (D:5)
  2 kobold brigands
  Blork the orc (D:5)
  A gnoll sergeant (D:6)
  3 scorpions
  A bullfrog (D:6)
  A necrophage (D:4)
  4 wights (D:4)
  Dowan (D:5)
  A killer bee (D:7)
  2 centaur zombies (Ossuary)
  6 hounds
  3 jellies
  3 human zombies
  2 sleepcaps
  Ijyb (D:5)
  2 iguanas
  4 orc wizards
  Natasha (twice) (D:4)
  A scorpion zombie (D:4)
  A hound zombie (D:4)
  4 mummies
  A howler monkey zombie (D:4)
  4 gnolls (D:6)
  8 adders
  An ufetubus (D:6)
  2 adder zombies
  A worm (D:2)
  4 dart slugs
  18 orcs
  4 bats
  6 endoplasms
  6 giant cockroaches
  8 goblins
  5 hobgoblins
  3 jackals (D:2)
  19 kobolds
  3 quokkas
  8 ball pythons
  3 frilled lizards (D:1)
  3 goblin zombies (Ossuary)
  10 hobgoblin zombies (Ossuary)
  3 jackal zombies (Ossuary)
  6 kobold zombies (Ossuary)
  9 orc zombies (Ossuary)
  5 rats
  A rat zombie (Ossuary)
196 creatures vanquished.

Vanquished Creatures (others)
  An ufetubus (D:6)
  2 kobolds (D:6)
3 creatures vanquished.

Grand Total: 199 creatures vanquished

Notes
Turn   | Place    | Note
-------+----------+-------------------------------------------
     0 | D:1      | dialectric the Troll Shapeshifter began the quest for the
                  | Orb.
     0 | D:1      | Reached XP level 1. HP: 18/18 MP: 0/0
   135 | D:1      | Reached XP level 2. HP: 26/26 MP: 1/1
   718 | D:2      | Reached XP level 3. HP: 32/32 MP: 2/2
  1294 | D:2      | Reached XP level 4. HP: 40/40 MP: 3/3
  1549 | D:3      | Reached skill level 1 in Fighting
  1576 | D:3      | Found Iqerhe's General Store.
  1752 | D:3      | Found Gebew's Armour Emporium.
  1829 | D:3      | Found Neixtud's Jewellery Emporium.
  1835 | D:3      | Identified the +2 ring mail of the True Pharaoh {rC+}
  1852 | D:3      | Reached skill level 4 in Unarmed Combat
  1935 | D:3      | Found Soumaish's Antique Weapon Emporium.
  2033 | D:3      | Reached XP level 5. HP: 48/48 MP: 4/4
  2470 | D:4      | Noticed Natasha
  2476 | D:4      | Killed Natasha
  2486 | D:4      | Reached skill level 5 in Unarmed Combat
  2486 | D:4      | Reached XP level 6. HP: 57/57 MP: 5/5
  2486 | D:4      | Noticed Natasha
  2491 | D:4      | Killed Natasha
  2831 | D:4      | Reached XP level 7. HP: 66/66 MP: 6/6
  2839 | D:4      | Found an ancient bone altar of Kikubaaqudgha.
  2850 | D:4      | Reached skill level 6 in Unarmed Combat
  3056 | D:5      | Entered Level 5 of the Dungeon
  3056 | D:5      | Noticed Prince Ribbit
  3064 | D:4      | HP: 4/99 [Prince Ribbit (13)]
  3065 | D:4      | Killed Prince Ribbit
  3066 | D:4      | Reached skill level 7 in Unarmed Combat
  3239 | D:5      | Reached XP level 8. HP: 75/75 MP: 7/7
  3407 | D:5      | Noticed Duvessa
  3407 | D:5      | Noticed Dowan
  3551 | D:5      | Identified the +10 flail of the Chickpea {freeze, *Noise
                  | rElec rN+}
  3579 | D:5      | Killed Dowan
  3596 | D:5      | Killed Duvessa
  3652 | D:5      | Found a shadowy altar of Dithmenos.
  3938 | D:5      | Noticed Ijyb
  3946 | D:5      | Killed Ijyb
  3947 | D:5      | Reached skill level 8 in Unarmed Combat
  3980 | D:5      | Noticed Blork the orc
  3986 | D:5      | Killed Blork the orc
  4443 | D:6      | Noticed Pikel
  4451 | D:6      | Paralysed by Pikel for 2 turns
  4520 | D:6      | Paralysed by Pikel for 2 turns
  4527 | D:5      | Killed Pikel
  4528 | D:5      | Reached skill level 9 in Unarmed Combat
  4528 | D:5      | Reached XP level 9. HP: 40/85 MP: 8/8
  4547 | D:6      | Found a sand-covered staircase.
  4556 | Ossuary  | Entered an ossuary
  4660 | Ossuary  | Reached skill level 5 in Shapeshifting
  4732 | Ossuary  | Reached skill level 1 in Shields
  4793 | D:6      | Paralysed by an orc for 2 turns
  4804 | D:6      | HP: 4/85 [orc/+0 mace (8)]
  5083 | D:6      | Found a glowing golden altar of the Shining One.
  5213 | D:7      | Reached skill level 10 in Unarmed Combat
  5265 | D:6      | Slain by a yak

Illustrated notes

Levels and vault maps discovered:
D:1:      eino_arrival_cavern_a, layout_basic
D:2:      layout_basic, kennysheep_generic_room_3
D:3:      layout_loops_cross, serial_shops, shop, shop, shop, shop,
          chequers_serial_rivers_room_b
D:4:      layout_loops_ring, lemuel_mausoleum_altar_kikubaaqudgha,
          minmay_between, uniq_natasha
D:5:      cheibrodos_thug_alley, layout_rooms,
          nicolae_dithmenos_through_a_glass_darkly, grunt_decor_clamped,
          uniq_blork_the_orc, uniq_duvessa, uniq_ijyb, uniq_prince_ribbit1
D:6:      layout_cave_pools, trog_hazing_becter,
          mainiacjoe_overflow_concentric_impassable,
          nicolae_ossuary_entry_monument, serial_glass, glass_columns_b,
          glass_columns_a, minmay_strange_pillars, grunt_decor_resistance,
          uniq_pikel
D:7:      layout_gridville, gammafunk_temple_overflow_statue,
          grunt_gozag_breadcrumbs, nicolae_sif_muna_little_library,
          minmay_temple_entry_gardened_gates, serial_shops,
          nicolae_shop_hallway_plus

Skill      XL: |  1  2  3  4  5  6  7  8  9 |
---------------+----------------------------+-----
Dodging        | 2 3 4 |  4.7
Fighting       | 1 2 3 4 |  4.9
Unarmed Combat | 4 5 7 9 10 | 10.0
Shapeshifting  | 4 5 |  5.0
Shields        | 2 |  2.0
Stealth        | |  0.4

Action                     |  1- 3 |  4- 6 |  7- 9 || total
---------------------------+-------+-------+-------++-------
  Melee: Unarmed           |    86 |   106 |   275 ||   467
         Punch             |     2 |     3 |    20 ||    25
    Use: Potion            |       |       |     7 ||     7
         Scroll            |       |       |     2 ||     2
   Stab: Sleeping          |     2 |     2 |     1 ||     5
 Armour: Animal skin       |    21 |    22 |    57 ||   100
         Skin              |       |       |     4 ||     4
  Dodge: Dodged            |    37 |    36 |   148 ||   221
  Block: Other             |       |       |    43 ||    43
         Reflection        |       |       |     1 ||     1

Table legend: (Time is in decaauts)
 A = Elapsed time spent in this place.
 B = Non-inter-level travel time spent in this place.
 C = Inter-level travel time spent in this place.
 D = Time resting spent in this place.
 E = Time spent auto-exploring this place.
 F = Levels seen in this place.
 G = Mean time per level.
                   A        B        C        D        E       F      G
               +--------+--------+--------+--------+--------+-----+--------+
         Total |   5215 |   4762 |    453 |    379 |   3207 |   8 |  651.9 |
       Dungeon |   4996 |   4543 |    453 |    379 |   3105 |   7 |  713.7 |
       Ossuary |    219 |    219 |      0 |      0 |    102 |   1 |  219.0 |
               +--------+--------+--------+--------+--------+-----+--------+

Top non-repeatable levels by time:
     D:4: 1327 daAuts
     D:5: 884 daAuts
     D:2: 841 daAuts
     D:1: 714 daAuts
     D:3: 691 daAuts
     D:6: 484 daAuts
 Ossuary: 219 daAuts
     D:7: 53 daAuts
